 Dungeon Crawl Stone Soup version 0.26.0-10-g1f06aea511 (webtiles) character file.

Game seed: 1632182860455598691

5110 mopl the Covert (level 10, -1/90 HPs)
             Began as an Octopode Brigand on Jan 20, 2021.
             Was a High Priest of Cheibriados.
             Slain by a two-headed ogre
             ... wielding a +0 giant spiked club
              (9 damage)
             ... on level 8 of the Dungeon.
             The game lasted 00:13:21 (9753 turns).

mopl the Covert (Octopode Brigand)                  Turns: 9753, Time: 00:13:22

Health: -1/90      AC: 25    Str: 24    XL:     10   Next: 57%
Magic:  0/15       EV:  2    Int: 29    God:    Cheibriados [*****.]
Gold:   505        SH:  0    Dex: 30    Spells: 9/9 levels left

rFire    . . .     SeeInvis +   a - +0 dagger (elec)
rCold    . . .     Faith    .   (no shield)
rNeg     + + +     Spirit   +   (helmet currently unavailable)
rPois    +         Reflect  .   u - amulet of guardian spirit
rElec    .         Harm     .   i - ring of positive energy
rCorr    .         Rampage  .   l - ring of wizardry
Will     .....     NoTele   +   e - ring of stealth
Stlth    ++++++++..             p - ring of see invisible
HPRegen  0.25/turn              w - ring of stealth
MPRegen  0.14/turn              q - ring of wizardry
                                J - ring of flight
                                (no ring)

@: tree-form, very slow
A: almost no armour, stealthy swim, (amphibious), 8 rings, (constrict 8)
a: Renounce Religion, Bend Time, Temporal Distortion, Slouch, Step From Time


You were on level 8 of the Dungeon.
You worshipped Cheibriados.
Cheibriados was extremely pleased with you.
You were a tree.
You visited 1 branch of the dungeon, and saw 9 of its levels.
You also visited: Ossuary.

You collected 505 gold pieces.

Inventory:

Hand Weapons
 a - a +0 dagger of electrocution (weapon)
 b - a +0 hunting sling
 Q - a +0 trident of venom
 S - a +1 short sword of holy wrath
Missiles
 c - 2 curare-tipped darts
 d - 260 stones
 m - 15 boomerangs
 y - 13 poisoned darts (quivered)
 B - 2 atropa-tipped darts
 F - 7 javelins
 I - 13 sling bullets
 K - 4 throwing nets
Jewellery
 e - a ring of stealth (on tentacle)
 i - a ring of positive energy (left branch)
 l - a ring of wizardry (right branch)
 p - a ring of see invisible (on tentacle)
 q - a ring of wizardry (on tentacle)
 u - an amulet of guardian spirit (around neck)
 w - a ring of stealth (on tentacle)
 J - a ring of flight (on tentacle)
Wands
 L - a wand of polymorph (6)
 R - a wand of flame (15)
Scrolls
 n - 8 scrolls of remove curse
 r - a scroll of magic mapping {unknown}
 s - 6 scrolls of teleportation {unknown}
 t - 4 scrolls of amnesia {unknown}
 v - 3 scrolls of fog {unknown}
 C - a scroll of enchant armour {unknown}
 G - a scroll of fear {unknown}
 H - a scroll of immolation {unknown}
 M - 3 scrolls of noise {unknown}
 N - a scroll of random uselessness {unknown}
 O - 2 scrolls of enchant weapon {unknown}
 P - a scroll of identify
Potions
 g - 2 potions of mutation {!q}
 h - 3 potions of heal wounds
 j - 4 potions of curing
 k - 3 potions of might
 o - 4 potions of cancellation
 x - a potion of lignification {!q}
 z - 4 potions of attraction
 A - 4 potions of degeneration {unknown}
 D - 5 potions of brilliance
 E - a potion of invisibility


   Skills:
 - Level 2.0 Fighting
 + Level 7.4 Short Blades
 + Level 7.5 Throwing
 + Level 4.3 Dodging
 + Level 11.3 Stealth
 + Level 7.0 Invocations
 + Level 4.6 Evocations


You had 9 spell levels left.
You didn't know any spells.
Your spell library was empty.

Dungeon Overview and Level Annotations

Branches:
Dungeon (9/15)             Temple (0/1) D:4         Ossuary (visited)
   Lair: D:8-11         Orc: D:9-12

Altars:
Ashenzari
Cheibriados
Dithmenos
Fedhas
Qazlal
Zin

Shops:
D:8 (


Innate Abilities, Weirdness & Mutations

You cannot wear most types of armour.
You are very stealthy in the water. (Stealth+)
((You are amphibious.))
You can wear up to eight rings at the same time.
((You can use your tentacles to constrict eight enemies at once.))
((Your skin changes colour to match your surroundings (Stealth+).))
((Your rubbery body absorbs attacks. (AC +1, EV +1)))


Message History

You completely miss the two-headed ogre.
The two-headed ogre is moderately wounded.
You hit the two-headed ogre but do no damage.
The two-headed ogre is moderately wounded.
The two-headed ogre hits you but does no damage. x2
You hit the two-headed ogre.
Lightning courses through the two-headed ogre!!
The two-headed ogre is severely wounded.
You hit the two-headed ogre but do no damage.
The two-headed ogre is severely wounded.
The two-headed ogre hits you but does no damage.
The two-headed ogre hits you with a +0 giant club!
* * * LOW HITPOINT WARNING * * *
You hit the two-headed ogre.
The two-headed ogre is almost dead.
You hit the two-headed ogre.
The two-headed ogre is almost dead.
The two-headed ogre barely misses you.
The two-headed ogre hits you with a +0 giant club!
You die...

.....###≈§§≈≈.##
############...##
#####...........#
......######.>..#
##.#### ##.#.#
##.####### #)#.##
.........# #)[..#
.(..####.# ##.#..#
....####.###.###♣####
###.##......## ##OO.#
#.##.###.## ##>.#
#.##.# #..## ##...#
###.##.###.#.###.####
...........##.#..#
....####..####...#
####...#..####..##
...[[#..........#


You could see a two-headed ogre and an ogre.

Vanquished Creatures
  Harold (D:7)
  A shadow (D:9)
  Edmund (D:6)
  An orc warrior (D:8)
  An ice beast (D:6)
  3 phantoms
  2 ogres
  4 centaurs
  2 big kobolds (D:8)
  4 bullfrogs
  2 elf zombies (Ossuary)
  Blork the orc (D:4)
  11 wights
  A scorpion (D:6)
  5 killer bees (D:8)
  4 howler monkeys
  5 centaur zombies
  A human zombie (Ossuary)
  2 bullfrog skeletons
  A bullfrog zombie (D:5)
  2 orc priests
  A hound (D:6)
  3 jellies
  2 iguanas (D:8)
  7 orc wizards
  Natasha (thrice) (D:3)
  12 worker ants
  A big kobold zombie (Ossuary)
  3 hound zombies
  3 mummies (Ossuary)
  2 worker ant zombies
  A howler monkey skeleton (D:5)
  9 adders
  3 shadow imps
  2 white imps (D:6)
  2 ufetubi
  3 adder skeletons
  3 adder zombies
  A worm (D:3)
  A dart slug (D:2)
  4 leopard geckos
  19 orcs
  7 giant cockroaches
  10 hobgoblins
  6 quokkas
  A ball python (D:5)
  4 bats
  A frilled lizard (D:2)
  A gnoll zombie (Ossuary)
  5 goblins
  2 goblin zombies (Ossuary)
  8 hobgoblin zombies (Ossuary)
  5 jackal zombies
  12 kobolds
  2 kobold zombies (Ossuary)
  2 leopard gecko skeletons
  2 orc zombies (Ossuary)
  5 quokka zombies
  5 rats
  7 rat zombies (Ossuary)
225 creatures vanquished.

Vanquished Creatures (collateral kills)
  A gnoll (D:9)
1 creature vanquished.

Vanquished Creatures (others)
  A two-headed ogre (D:9)
  39 fungi (D:9)
  41 plants (D:9)
  A withered plant (D:5)
82 creatures vanquished.

Grand Total: 308 creatures vanquished

Notes
Turn   | Place    | Note
-------+----------+-------------------------------------------
     0 | D:1      | mopl the Octopode Brigand began the quest for the Orb.
     0 | D:1      | Reached XP level 1. HP: 14/14 MP: 1/1
   148 | D:1      | Reached XP level 2. HP: 6/19 MP: 2/2
  1223 | D:2      | Reached XP level 3. HP: 24/24 MP: 3/3
  1321 | D:2      | Reached skill level 6 in Stealth
  1878 | D:3      | Noticed Natasha
  1916 | D:3      | Killed Natasha
  1917 | D:3      | Reached skill level 3 in Short Blades
  1917 | D:3      | Reached skill level 3 in Throwing
  1917 | D:3      | Reached XP level 4. HP: 29/29 MP: 4/4
  2227 | D:3      | Noticed Natasha
  2233 | D:3      | Killed Natasha
  2234 | D:3      | Found a blossoming altar of Fedhas.
  2234 | D:3      | Found a faded altar of an unknown god.
  2239 | D:3      | Found a broken altar of Ashenzari.
  2242 | D:3      | Became a worshipper of Cheibriados the Contemplative
  2242 | D:3      | Reached * piety under Cheibriados
  2245 | D:3      | Found a faded altar of an unknown god.
  2247 | D:3      | Found a shadowy altar of Dithmenos.
  2285 | D:3      | Reached XP level 5. HP: 10/34 MP: 2/5
  2476 | D:3      | Noticed Natasha
  3281 | D:3      | Killed Natasha
  3282 | D:3      | Reached skill level 1 in Invocations
  3317 | D:4      | Noticed an ogre
  3320 | D:4      | Killed an ogre
  3321 | D:4      | Reached skill level 7 in Stealth
  3321 | D:4      | Reached XP level 6. HP: 39/39 MP: 5/7
  3368 | D:4      | Reached skill level 2 in Invocations
  3583 | D:4      | Found a staircase to the Ecumenical Temple.
  3656 | D:4      | Reached skill level 4 in Throwing
  3674 | D:4      | Reached skill level 4 in Short Blades
  3684 | D:4      | Reached ** piety under Cheibriados
  4040 | D:4      | Reached XP level 7. HP: 45/45 MP: 8/8
  4086 | D:4      | Noticed Blork the orc
  4093 | D:4      | Killed Blork the orc
  4233 | D:5      | Entered Level 5 of the Dungeon
  4518 | D:5      | Reached skill level 3 in Invocations
  4543 | D:5      | Reached skill level 8 in Stealth
  4964 | D:5      | Reached XP level 8. HP: 40/50 MP: 8/10
  5074 | D:5      | Reached skill level 5 in Short Blades
  5085 | D:5      | Reached *** piety under Cheibriados
  5086 | D:5      | Reached skill level 5 in Throwing
  5163 | D:5      | Reached skill level 4 in Invocations
  5211 | D:6      | Noticed Edmund
  5218 | D:6      | Killed Edmund
  5245 | D:6      | Reached skill level 9 in Stealth
  5302 | D:6      | Found a stormy altar of Qazlal.
  5353 | D:6      | Found a sand-covered staircase.
  5365 | Ossuary  | Entered an ossuary
  5586 | Ossuary  | Reached **** piety under Cheibriados
  5699 | Ossuary  | Reached skill level 5 in Invocations
  6228 | D:6      | Reached skill level 1 in Evocations
  6228 | D:6      | Reached XP level 9. HP: 7/54 MP: 3/12
  6514 | D:6      | Reached skill level 6 in Short Blades
  6514 | D:6      | Reached skill level 6 in Throwing
  6970 | D:7      | Reached ***** piety under Cheibriados
  7050 | D:7      | Noticed Harold
  7057 | D:7      | Killed Harold
  7058 | D:7      | Reached skill level 2 in Dodging
  7058 | D:7      | Reached skill level 10 in Stealth
  7058 | D:7      | Reached skill level 2 in Evocations
  7186 | D:7      | Reached skill level 6 in Invocations
  7245 | D:7      | Reached skill level 3 in Evocations
  7325 | D:7      | Reached skill level 3 in Dodging
  7477 | D:7      | Found a glowing silver altar of Zin.
  7944 | D:8      | Reached skill level 7 in Throwing
  7944 | D:8      | Reached XP level 10. HP: 60/60 MP: 14/14
  8064 | D:8      | Reached skill level 7 in Short Blades
  8611 | D:8      | Found Hyukhox's Antique Weapon Emporium.
  8689 | D:8      | Reached skill level 4 in Evocations
  9023 | D:8      | Reached skill level 11 in Stealth
  9066 | D:8      | Reached skill level 4 in Dodging
  9309 | D:9      | Noticed a two-headed ogre
  9421 | D:9      | Noticed Maurice
  9423 | D:9      | Noticed Maurice
  9423 | D:9      | Maurice changed into Maurice the centaur
  9426 | D:9      | Killed Maurice the centaur
  9460 | D:9      | Reached skill level 7 in Invocations
  9737 | D:9      | Noticed a two-headed ogre
  9753 | D:8      | Slain by a two-headed ogre

Illustrated notes

Levels and vault maps discovered:
D:1:      mrwooster_arrival_arrow, layout_loops_ring
D:2:      layout_basic, serial_park_tiny_2
D:3:      layout_basic, chequers_temple_overflow_minitemple, uniq_natasha
D:4:      layout_basic, temple_hall, uniq_blork_the_orc
D:5:      layout_rooms, serial_undead, serial_undead_e, serial_undead_a,
          serial_undead_c, serial_undead_e, serial_undead_c, serial_undead_a
D:6:      layout_cave_pools, enter_ossuary_4, nicolae_qazlal_eye_of_the_storm,
          uniq_edmund
D:7:      layout_basic, lemuel_round_altar, uniq_harold
D:8:      layout_loops_ring, serial_shops, kennysheep_mini_moat
D:9:      layout_cross, slow_altar_2, due_lair_maze_entry_diamond, david_orc_2,
          serial_shops, shop, uniq_maurice

Skill      XL: |  1  2  3  4  5  6  7  8  9 10 |
---------------+-------------------------------+-----
Stealth        | 6 7 8 9 10 11 | 11.3
Short Blades   | 3 4 5 6 7 |  7.4
Throwing       | 3 4 5 7 |  7.5
Invocations    | 1 2 3 5 6 7 |  7.0
Evocations     | 1 3 4 |  4.6
Dodging        | 3 4 |  4.3
Fighting       | |  2.0

Action                   |  1- 3 |  4- 6 |  7- 9 | 10-12 || total
-------------------------+-------+-------+-------+-------++-------
Melee: Dagger            |    47 |    68 |   284 |   144 ||   543
       Constrict         |     9 |    17 |    59 |    27 ||   112
       Tentacles         |     9 |    14 |   102 |    56 ||   181
Throw: Dart              |     1 |     6 |     8 |     8 ||    23
       Boomerang         |       |     2 |     6 |       ||     8
Evoke: Wand              |       |       |     3 |     6 ||     9
  Use: Scroll            |       |     4 |     8 |       ||    12
       Potion            |       |       |     1 |     2 ||     3
 Stab: Sleeping          |    15 |    12 |    38 |     9 ||    74
Armor: Skin              |     1 |     4 |     6 |     7 ||    18
Dodge: Dodged            |    14 |    21 |   145 |    99 ||   279
